 Dungeon Crawl Stone Soup version 0.29-a0-384-g6960b1960d (webtiles) character file.

Game seed: 5865068615924452314

65 Bruhh the Magician (level 4, -4/31 HPs)
             Began as a Djinni Earth Elementalist on May 7, 2022.
             Slain by Crazy Yiuf
             ... wielding a +3 quarterstaff of chaos
              (15 damage)
             ... on level 2 of the Dungeon.
             The game lasted 00:02:16 (1927 turns).

Bruhh the Magician (Djinni Earth Elementalist)      Turns: 1927, Time: 00:02:17

Health: -4/31      AC:  2    Str:  7    XL:     4   Next: 34%
Gold:   71         EV: 12    Int: 18    God:
                   SH:  0    Dex: 14

rFire   + + .      SeeInvis .   f - +0 spear (venom)
rCold   x . .      Faith    .   (no shield)
rNeg    . . .      Spirit   .   b - +0 robe
rPois   ∞          Reflect  .   (no helmet)
rElec   .          Harm     .   (no cloak)
rCorr   .          Rampage  .   (no gloves)
Will    .....                   (boots unavailable)
Stlth   ++........              (no amulet)
HPRegen 0.10/turn               (no ring)
MPRegen 0.00/turn               (no ring)

@: flying
A: sickness immunity, fire resistance 2, cold vulnerability 1, float, innate
caster, HP casting, extra vitality 1
a: no special abilities


You were on level 2 of the Dungeon.
You visited 1 branch of the dungeon, and saw 2 of its levels.

You collected 71 gold pieces.

Inventory:

Hand Weapons
 f - a +0 spear of venom (weapon)
Missiles
 a - 33 stones (quivered)
Armour
 b - a +0 robe (worn)
Jewellery
 d - a ring of protection from cold
Scrolls
 e - a scroll of teleportation {unknown}
 g - 2 scrolls of enchant weapon {unknown}
 i - a scroll of fear {unknown}
 j - a scroll of noise {unknown}
Potions
 c - a potion of attraction {unknown}
 h - 2 potions of flight {unknown}
 k - a potion of curing {unknown}


   Skills:
 - Level 2.1 Dodging
 - Level 1.5 Stealth
 + Level 3.8 Spellcasting


You couldn't memorise any spells.
You knew the following spells:

 Your Spells              Type           Power      Damage    Failure   Level
a - Sandblast             Erth           34%        2d9       3%          1
b - Passwall              Tmut/Erth      14%        N/A       4%          2
c - Stone Arrow           Conj/Erth      34%        3d9       10%         3
d - Petrify               Tmut/Erth      17%        N/A       30%         4
e - Summon Small Mammal   Summ           68%        N/A       3%          1
Your spell library was empty.

Dungeon Overview and Level Annotations

Branches:
Dungeon (2/15)

Altars:

Shops:
D:2 ?

Annotations:
D:2 Crazy Yiuf


Innate Abilities, Weirdness & Mutations

You are immune to sickness and miasma.
You are immune to poison.
Your flesh is very heat resistant. (rF++)
You are vulnerable to cold. (rC-)
You float through the air rather than walking.
You learn spells naturally, not from books.
Your magical power is your life essence.
You have superior vitality. (+4 MHP)


Message History

You reach down and open the door.
There is an open translucent door here.
You throw a stone.
The stone hits Crazy Yiuf but does no damage.
Crazy Yiuf shouts!
You throw a stone.
The stone hits Crazy Yiuf but does no damage.
You throw a stone.
The stone hits Crazy Yiuf but does no damage.
Crazy Yiuf hits you with a +3 quarterstaff of chaos!!
Ouch! That really hurt!
You are too injured to fight recklessly!
You are too injured to fight recklessly!
Casting: Sandblast (safe; 3% risk of failure)
Confirm with . or Enter, or press ? or * to list all spells.
Aiming: Sandblast (safe; 3% risk of failure)
Press: ? - help, Shift-Dir - straight line, f/p - Crazy Yiuf
Aim: Crazy Yiuf, wielding a +3 quarterstaff of chaos and wearing a +2 cloak (82% to hit)
The blast of sand hits Crazy Yiuf but does no damage.
a - 35 stones Crazy Yiuf barely misses you.
Casting: Sandblast (safe; 3% risk of failure)
Confirm with . or Enter, or press ? or * to list all spells.
Aiming: Sandblast (safe; 3% risk of failure)
Press: ? - help, Shift-Dir - straight line, f/p - Crazy Yiuf
Aim: Crazy Yiuf, wielding a +3 quarterstaff of chaos and wearing a +2 cloak (82% to hit)
The blast of sand hits Crazy Yiuf.
Crazy Yiuf is lightly wounded.
a - 34 stones Crazy Yiuf barely misses you.
Casting: Sandblast (safe; 3% risk of failure)
Confirm with . or Enter, or press ? or * to list all spells.
Aiming: Sandblast (safe; 3% risk of failure)
Press: ? - help, Shift-Dir - straight line, f/p - Crazy Yiuf
Aim: Crazy Yiuf, wielding a +3 quarterstaff of chaos and wearing a +2 cloak (lightly wounded, 82% to hit)
The blast of sand hits Crazy Yiuf.
Crazy Yiuf is moderately wounded.
a - 33 stones Crazy Yiuf hits you with a +3 quarterstaff of chaos!
You die...

#....... #.......
#....... #.......
#.......
♣♣♣♣♣##....... ####
♣♣♣.♣..........>
#...#♣..♣............
#((g@.♣♣♣♣......#####
#)..#♣♣ ♣♣....## ####
♣♣####


You could see Crazy Yiuf.

Vanquished Creatures
  2 adders (D:2)
  A dart slug (D:1)
  3 endoplasms
  4 giant cockroaches
  3 goblins
  5 hobgoblins
  5 kobolds
  3 quokkas
  4 ball pythons
  3 bats
  4 frilled lizards
  6 rats
43 creatures vanquished.

Notes
Turn   | Place    | Note
-------+----------+-------------------------------------------
     0 | D:1      | Bruhh the Djinni Earth Elementalist began the quest for the
                  | Orb.
     0 | D:1      | Reached XP level 1. HP: 15/15 MP: 0/0
   202 | D:1      | Reached XP level 2. HP: 19/21 MP: 0/0
   357 | D:1      | Reached skill level 3 in Spellcasting
   820 | D:1      | Reached XP level 3. HP: 21/25 MP: 0/0
   820 | D:1      | Learned a level 1 spell: Summon Small Mammal
  1404 | D:2      | Found Ziocoosh's Magic Scroll Emporium.
  1464 | D:2      | Found the +1 Delatra's gloves {ID++}
  1609 | D:2      | Reached XP level 4. HP: 24/31 MP: 0/0
  1916 | D:2      | Found a runed translucent door.
  1917 | D:2      | Noticed Crazy Yiuf
  1927 | D:2      | Slain by Crazy Yiuf

Illustrated notes

Levels and vault maps discovered:
D:1:      ebering_trefoil_twist, layout_loops_cross, amethyst_killhole,
          serial_park_tiny_2
D:2:      layout_rooms, serial_shops, nicolae_shop_crystal,
          uniq_crazy_yiuf_cottage

Skill      XL: |  1  2 |
---------------+-------+-----
Spellcasting   | 3 |  3.8
Dodging        | |  2.1
Stealth        | |  1.5

Action                   |  1- 3 |  4- 6 || total
-------------------------+-------+-------++-------
Melee: Unarmed           |     5 |       ||     5
       Spear             |     3 |     3 ||     6
Throw: Stone             |       |     3 ||     3
 Cast: Sandblast         |    56 |    11 ||    67
Armor: Robe              |     7 |       ||     7
Dodge: Dodged            |    18 |     3 ||    21

Table legend: (Time is in decaauts)
 A = Elapsed time spent in this place.
 B = Non-inter-level travel time spent in this place.
 C = Inter-level travel time spent in this place.
 D = Time resting spent in this place.
 E = Time spent auto-exploring this place.
 F = Levels seen in this place.
 G = Mean time per level.
                   A        B        C        D        E       F      G
               +--------+--------+--------+--------+--------+-----+--------+
         Total |   1927 |   1893 |     34 |      0 |   1668 |   2 |  963.5 |
       Dungeon |   1927 |   1893 |     34 |      0 |   1668 |   2 |  963.5 |
               +--------+--------+--------+--------+--------+-----+--------+

Top non-repeatable levels by time:
     D:1: 1315 daAuts
     D:2: 612 daAuts
